[Event "GrandPrix_29.05"]
[Site "Chess.com"]
[Date "2020.05.29"]
[Round "1"]
[White "Pash2015"]
[Black "chessfreak35"]
[Result "0-1"]
[WhiteElo "2196"]
[BlackElo "1871"]
[TimeControl "600+2"]
[EndTime "9:21:51 PDT"]
[Termination "chessfreak35 won by resignation"]

1. e4 e5 2. d4 exd4 3. Nf3 Nc6 4.
Bc4 Nf6 5. Qe2 d6 6. h3 Be7 7.
O-O O-O 8. Rd1 Re8 9. Nxd4 Bf8 10. Nc3 Bd7 11. Bg5 h6 12. Bh4 Ne5 13. Bb3 Ng6 14. Bg3 a6 15. a4 Qe7 16. f3 Nh5 17. Bh2 Qg5 18. Kh1 c5 19. Bxf7+ Kxf7 20. Qc4+ Be6 21. Nxe6 Rxe6 22. Bxd6 Bxd6 23. Rxd6 Nhf4 24. Rg1 Re8 25.
a5 Qe5 26. Rgd1 Kf8 27. Rxe6 Rxe6 28. Nd5 Rd6 29. Qxc5 Kg8 30. Qc8+ Kh7 31. c4 Rc6 32. Qxb7 Rxc4 33. Qxa6 Rc2 34. Rg1 Ne2 35. Re1 Nef4 36. Ne3 Rxb2 37. Ng4 Qc3 38. Rg1 Nxh3 39. Rd1 Nhf4 40.
Rg1 Nxg2 41. Nh2 N2f4 42. Qf1 Qd2 43. Ng4 Ne5 44. Qc1 Qxc1 45. Rxc1 Nxg4 46. fxg4 Ra2 47.
Rc5 Nd3 48. Rb5 Nf2+ 49. Kg2 Nxe4+ 50. Kf3 Nf6 51. g5 Ra3+ 52. Kf4 Ra4+ 53. Kf5 hxg5 54. Kxg5 Ne4+ 55. Kh5 g6+ 56. Kh4 Nd6+ 0-1

[Event "GrandPrix_29.05"]
[Site "Chess.com"]
[Date "2020.05.29"]
[Round "1"]
[White "BakaPG"]
[Black "VSERGUEI"]
[Result "0-1"]
[WhiteElo "2120"]
[BlackElo "2578"]
[TimeControl "600+2"]
[EndTime "9:21:52 PDT"]
[Termination "VSERGUEI won by resignation"]

1. e4 e6 2. d4 d5 3. e5 c5 4. c3 Nc6 5. Nf3 Bd7 6. Be2 cxd4 7. cxd4 Nge7 8. O-O Nf5 9. b3 Rc8 10. Bb2 a6 11.
Kh1 h5 12. Bd3 g6 13. a3 h4 14. h3 Be7 15. Nc3 Kf8 16. Ne2 Kg7 17. Rc1 Na5 18.
b4 Nc6 19. Nd2 Na7 20. Rxc8 Qxc8 21. Nc3 Nb5 22. Nxb5 Bxb5 23. Bxb5 axb5 24. Qb1 Qd7 25. Nb3 Rc8 26. Nc5 Qc6 27. Rc1 b6 28. Nd3 Qd7 29. Bc3 Qa7 30. Kh2 Qxa3 31. Bb2 Rxc1 32. Bxc1 Qc3 33. Bb2 Qc4 34. Ne1 Nxd4 35. Bxd4 Qxd4 36. Nd3 Qc4 37. Qd1 Bxb4 38. Nxb4 Qf4+ 39. Kg1 Qxb4 40. Qe2 Qe4 41. Qc2 Qxc2 0-1

[Event "GrandPrix_29.05"]
[Site "Chess.com"]
[Date "2020.05.29"]
[Round "1"]
[White "moro182"]
[Black "gummigisla"]
[Result "1-0"]
[WhiteElo "2540"]
[BlackElo "2123"]
[TimeControl "600+2"]
[EndTime "9:21:53 PDT"]
[Termination "moro182 won by resignation"]

1. d4 Nf6 2. c4 g6 3. g3 Bg7 4.
Bg2 O-O 5. Nc3 d6 6. Nf3 a6 7.
O-O Nc6 8. d5 Nb8 9. h3 c5 10.
e4 Bd7 11. e5 Ne8 12. Re1 dxe5 13. Nxe5 Nd6 14. Qe2 Nf5 15. Bf4 Nd4 16. Qd2 Bxh3 17. Bh6 Nd7 18. Bxg7 Kxg7 19. Nxd7 Bxg2 20. Kxg2 Qxd7 21.
Ne4 b6 22. Rh1 h5 23. Rae1 Rae8 24. b4 e5 25. bxc5 bxc5 26. Rxh5 Rh8 27. Rhh1 Qg4 28. Qd3 f5 29. Nxc5 f4 30. Ne6+ Rxe6 31. Rxh8 f3+ 32.
Kg1 Kxh8 33. dxe6 Ne2+ 34. Rxe2 fxe2 35. Qe3 Qxe6 36. Qxe2 Qd6 37. Qe4 Kg7 38. Kg2 Kf6 39. Qf3+ Kg7 40. Qb7+ Kf6 41. a4 Kg5 42. Qd5 Qxd5+ 43.
cxd5 e4 44. Kh3 Kf6 45. Kg4 Ke5 46. Kg5 Kxd5 47. Kxg6 Kd4 48. Kf5 1-0

[Event "GrandPrix_29.05"]
[Site "Chess.com"]
[Date "2020.05.29"]
[Round "1"]
[White "hubertsmazak"]
[Black "Forking_U"]
[Result "1-0"]
[WhiteElo "2307"]
[BlackElo "2093"]
[TimeControl "600+2"]
[EndTime "9:22:00 PDT"]
[Termination "hubertsmazak won on time"]

1. d4 d5 2. c4 c6 3. cxd5 cxd5 4. Bf4 Nc6 5. e3 Nf6 6. Nc3 Bf5 7. Qb3 Na5 8. Qa4+ Bd7 9. Qc2 e6 10. Bd3 Nc6 11.
Qe2 Be7 12. h3 O-O 13. Nf3 Ne8 14. O-O f5 15. Ne5 Bd6 16. Nxc6 Bxc6 17. Bxd6 Nxd6 18. b4 Rc8 19. b5 Bd7 20. Na4 b6 21. Rac1 Qe7 22.
Nb2 Ne4 23. Bxe4 fxe4 24. a4 Qb4 25. Rfd1 h6 26. Rxc8 Rxc8 27. Qd2 Qxd2 28. Rxd2 Rc3 29. Kf1 Kf7 30. Ke2 Ke7 31. Kd1 Kd6 32. Rc2 Ra3 33. Kd2 Ra1 34. Rc1 Ra3 35. Rc3 Ra1 36.
Rc1 Ra3 37. f3 exf3 38. gxf3 g5 39. h4 gxh4 40. Rh1 a6 41. bxa6 Bxa4 42. Rxh4 Bb5 43. Rxh6 Rxa6 44. e4 dxe4 45. fxe4 Ra3 46. d5 Ke5 47.
Rxe6+ Kd4 48. Rxb6 Rb3 49. Kc2 Rb4 50. Re6 Bd7 51.
Re7 Bg4 52. d6 Kc5 53. e5 Rd4 54. Kc3 Rd5 55. Nd3+ Kc6 56. Nb4+ 1-0

[Event "GrandPrix_29.05"]
[Site "Chess.com"]
[Date "2020.05.29"]
[Round "1"]
[White "dzhumagaliev"]
[Black "AvitalBor"]
[Result "0-1"]
[WhiteElo "2097"]
[BlackElo "2583"]
[TimeControl "600+2"]
[EndTime "9:22:01 PDT"]
[Termination "AvitalBor won by resignation"]

1. Nf3 d5 2. d4 Nf6 3. c4 e6 4. g3 dxc4 5. Bg2 Nc6 6. O-O Rb8 7.
Nc3 b5 8. Ne5 Nxe5 9. dxe5 Nd7 10. Qd4 Bb7 11. a4 Bxg2 12. Kxg2 b4 13. Ne4 c5 14. Qxc4 Nxe5 15. Qc2 b3 16. Qc3 Qd5 17. f3 Rb4 18. Bf4 Nc6 19. Rfd1 Rd4 20. Nf2 Qc4 21. Qe1 Be7 22. Rdc1 Qa6 23. Nd3 c4 24. Ne5 O-O 25. Be3 Rd5 26. Nxc4 Nb4 27. Na3 h5 28. Bd2 Re5 29. Nc4 Nd3 30. Qd1 Nxc1 31. Nxe5 Qxe2+ 32. Qxe2 Nxe2 33. Re1 Nd4 34. Bc3 Nc2 35. Re4 Rc8 36.
f4 Rxc3 37. bxc3 b2 38. Rc4 Ne3+ 0-1

[Event "GrandPrix_29.05"]
[Site "Chess.com"]
[Date "2020.05.29"]
[Round "1"]
[White "Novoselski"]
[Black "WildBizon"]
[Result "1-0"]
[WhiteElo "2415"]
[BlackElo "1930"]
[TimeControl "600+2"]
[EndTime "9:22:01 PDT"]
[Termination "Novoselski won by checkmate"]

1. d4 Nf6 2. c4 g6 3. Nc3 d5 4. Bg5 Ne4 5. Bh4 Nxc3 6. bxc3 dxc4 7. e3 Be6 8. Qb1 b6 9. Qb5+ Nd7 10. Bxc4 c6 11.
Qb3 Bxc4 12. Qxc4 Rc8 13. Nf3 Bg7 14. O-O O-O 15. a4 c5 16. Qa6 Rc7 17. Bg3 Qc8 18. Qe2 Rc6 19. d5 Rf6 20. e4 h6 21. a5 g5 22. h3 Rg6 23. e5 e6 24. c4 Re8 25. Rfe1 h5 26. axb6 axb6 27. Rad1 g4 28. hxg4 Rxg4 29. Qd3 Nf8 30. Re4 Ng6 31. Rde1 Qd8 32.
d6 Rf8 33. Rxg4 hxg4 34. Nh2 Qg5 35. Qe4 Qf5 36. Nxg4 Qxe4 37. Rxe4 Ra8 38. Re1 Nf8 39. f4 Nd7 40. Bh4 Ra4 41. Rc1 Kh7 42. g3 Kg6 43.
Kg2 Ra3 44. Kf2 Kf5 45. Ne3+ Ke4 46. Re1 Kd3 47. Kf3 Kc3 48. g4 Bxe5 49. fxe5 Nxe5+ 50. Ke4 Nd7 51. Rf1 f5+ 52. gxf5 exf5+ 53. Rxf5 Kd2 54. Rf2+ Kc3 55. Rf7 Ra7 56. Nd5+ Kxc4 57. Nxb6+ Kb5 58. Nxd7 Ra4+ 59. Ke5 Rxh4 60. Nf6 Rd4 61. Rb7+ Kc6 62. Rc7+ Kb6 63. Nd5+ Kb5 64. d7 Kc4 65. d8=Q Kd3 66. Rxc5 Re4+ 67. Kd6 Rd4 68. Rc3+ Ke2 69. Qe7+ Kd1 70.
Re3 Rd2 71. Re1+ Kc2 72. Re2 Rxe2 73. Qxe2+ Kc1 74. Kc5 Kb1 75. Kb4 Ka1 76. Kb3 Kb1 77. Qe1# 1-0

[Event "GrandPrix_29.05"]
[Site "Chess.com"]
[Date "2020.05.29"]
[Round "1"]
[White "IljaJoke"]
[Black "abraham1982"]
[Result "1/2-1/2"]
[WhiteElo "2308"]
[BlackElo "2050"]
[TimeControl "600+2"]
[EndTime "9:22:09 PDT"]
[Termination "Game drawn by repetition"]

1. d4 Nf6 2. c4 e6 3. g3 Bb4+ 4. Bd2 Bxd2+ 5. Qxd2 c5 6. Nf3 cxd4 7. Nxd4 Ne4 8. Qc2 Qa5+ 9. Nd2 Nxd2 10. Qxd2 Qxd2+ 11. Kxd2 Nc6 12. Nb5 Ke7 13. Bg2 a6 14. Nc3 Rb8 15. Rhd1 b5 16. cxb5 axb5 17. Bxc6 dxc6 18. Ne4 Rd8+ 19.
Kc2 Rd5 20. b4 e5 21. Nc5 Bf5+ 22. e4 Bg6 23. Kc3 Rdd8 24. a4 Rxd1 25. Rxd1 bxa4 26.
Rd7+ Ke8 27. Ra7 Bh5 28. Rxa4 Be2 29. Ra7 Rd8 30. f4 exf4 31. gxf4 h6 32. Rc7 Bb5 33.
e5 Rd1 34. Ne4 Kf8 35. Nd6 f6 36. Rc8+ Ke7 37. Nf5+ Kd7 38. Rg8 fxe5 39. fxe5 Ke6 40. Nd4+ Kxe5 41. Nxb5 cxb5 42. Rxg7 Kf5 43. Rb7 Rd5 44. Rc7 h5 45. Rc5 Ke5 46. Rxd5+ Kxd5 47. Kd3 Ke5 48. Ke3 Kd5 49. Kd3 Ke5 50. Ke3 Kd5 51.
Kd3 1/2-1/2

[Event "GrandPrix_29.05"]
[Site "Chess.com"]
[Date "2020.05.29"]
[Round "1"]
[White "Ward-Tsh"]
[Black "Tesla37"]
[Result "0-1"]
[WhiteElo "2187"]
[BlackElo "2679"]
[TimeControl "600+2"]
[EndTime "9:22:15 PDT"]
[Termination "Tesla37 won on time"]

1. e4 c5 2. Nf3 e6 3. d4 cxd4 4. Nxd4 Nc6 5. Nc3 a6 6. Be3 Nf6 7. Qd2 e5 8. Nb3 Bb4 9. f3 d5 10. exd5 Nxd5 11. Bd3 Nxe3 12. Qxe3 Be6 13. O-O O-O 14.
Rad1 Qe7 15. Kh1 Rad8 16. Ne4 h6 17. a3 Bd6 18. Nbc5 Bc8 19. Nxd6 Rxd6 20. Ne4 Rdd8 21. Rde1 Rfe8 22. Ng3 Qh4 23. f4 Re7 24. f5 f6 25.
Qc5 Qd4 26. Ne4 Qxb2 27. Qe3 Qd4 28. Qg3 Rf8 29. Rf3 Qd8 30. c3 Kh8 31. Qg4 Rd7 32. Rg3 Qe7 33. Rh3 b5 34. Bc2 Bb7 35. Rhe3 Na5 36.
Qe2 Rfd8 37. h3 Nc4 38. Rg3 Nxa3 39. Bb3 Nc4 40. Bxc4 bxc4 41. Qxc4 Rc7 42. Qe2 a5 43. Rg6 Bxe4 44. Qxe4 Rxc3 45. Qh4 Kh7 46. Kh2 Rc2 47. Qg3 Rdd2 48. Rg1 e4 49. Rg4 e3 50. Qb8 e2 51.
Re1 Rd1 0-1

[Event "GrandPrix_29.05"]
[Site "Chess.com"]
[Date "2020.05.29"]
[Round "1"]
[White "GM_RobertoMogranzini"]
[Black "Artur0208"]
[Result "0-1"]
[WhiteElo "1606"]
[BlackElo "2297"]
[TimeControl "600+2"]
[EndTime "9:22:18 PDT"]
[Termination "Artur0208 won by resignation"]

1. c4 e6 2. g3 d5 3. Bg2 Nf6 4. Nf3 dxc4 5. O-O c5 6. Na3 Nc6 7. Nxc4 Qc7 8. d3 Be7 9. Bf4 Qd8 10. Nfe5 Nxe5 11. Bxe5 O-O 12. Rc1 Nd5 13. a4 b6 14.
Qb3 Bb7 15. Rfd1 f6 16. Bc3 Qd7 17. Be1 Bc6 18. Ra1 Rfd8 19. e4 Nc7 20. Bh3 Qe8 21.
Ne3 Bd6 22. Bc3 Kh8 23. Qc2 Qh5 24. Bg2 Be5 25. f4 Bd4 26. Re1 e5 27. f5 Rd7 28.
Kh1 Rad8 29. Rad1 Bxe3 30. Rxe3 c4 31. b3 cxb3 32. Qxb3 Na6 33. g4 Qxg4 34. Rg3 Qe2 35. Re1 Nc5 36. Qc4 Qc2 37. a5 Rxd3 38. axb6 axb6 39. Bf1 Rxg3 40. hxg3 Bxe4+ 0-1

[Event "GrandPrix_29.05"]
[Site "Chess.com"]
[Date "2020.05.29"]
[Round "1"]
[White "MiroVlasenko"]
[Black "Bengalas"]
[Result "1-0"]
[WhiteElo "2468"]
[BlackElo "1934"]
[TimeControl "600+2"]
[EndTime "9:22:25 PDT"]
[Termination "MiroVlasenko won by resignation"]

1. d4 Nf6 2. c4 e6 3. Nc3 Bb4 4. e3 b6 5. Ne2 c5 6. a3 Ba5 7. Rb1 Qe7 8. d5 exd5 9. cxd5 Bxc3+ 10. Nxc3 O-O 11. Be2 d6 12. f3 Ba6 13. Bxa6 Nxa6 14. O-O Nd7 15. e4 Nc7 16. b3 f5 17. exf5 Rxf5 18. Rb2 Qf7 19. Rd2 Nf6 20. Bb2 Nfxd5 21. Nxd5 Rxd5 22. Rxd5 Nxd5 23. Re1 Rd8 24. Re4 Nf6 25.
Rf4 Qd5 26. Qc2 Nh5 27. Rf5 Qe6 28. g4 Nf6 29. Qd2 Re8 30. Kf2 Nd7 31. Rd5 Ne5 32. Rxd6 Qxb3 33. Bxe5 Rxe5 34. Rd8+ Kf7 35. Qf4+ Ke6 36.
Re8+ 1-0

[Event "GrandPrix_29.05"]
[Site "Chess.com"]
[Date "2020.05.29"]
[Round "1"]
[White "Igor_Lysyj"]
[Black "tsvet2005"]
[Result "1-0"]
[WhiteElo "2458"]
[BlackElo "1964"]
[TimeControl "600+2"]
[EndTime "9:22:31 PDT"]
[Termination "Igor_Lysyj won by resignation"]

1. d4 d5 2. c4 e6 3. Nf3 Nf6 4. g3 dxc4 5. Bg2 Bb4+ 6. Bd2 a5 7. a3 Bxd2+ 8. Qxd2 O-O 9. Ne5 Nc6 10. Nxc6 bxc6 11. O-O Qd6 12. Rc1 Ba6 13. e3 e5 14. dxe5 Qxe5 15. Qc3 Qh5 16. Nd2 Nd5 17. Qc2 Rab8 18. Rab1 Qe5 19. Nxc4 Bxc4 20. Qxc4 Rxb2 21. Rxb2 Qxb2 22.
Qxc6 Nf6 23. Qc3 Qb5 24. Qxc7 h6 25. h3 a4 26. Qc4 Qb2 27. Qc3 Qb3 28. e4 Nd7 29.
Bf1 Re8 30. Qxb3 axb3 31. Bb5 Re7 32. Kg2 Nf6 33. Rb1 Rxe4 34. Rxb3 Re1 35. Bc4 Ne8 36. Rb8 Kf8 37. Bb5 1-0

[Event "GrandPrix_29.05"]
[Site "Chess.com"]
[Date "2020.05.29"]
[Round "1"]
[White "BogdanDeac"]
[Black "Sam_ChessMood"]
[Result "1/2-1/2"]
[WhiteElo "2179"]
[BlackElo "2370"]
[TimeControl "600+2"]
[EndTime "9:22:32 PDT"]
[Termination "Game drawn by agreement"]

1. Nf3 d5 2. d4 Nf6 3. c4 e6 4. Bg5 dxc4 5. e4 c5 6. Bxc4 cxd4 7. O-O Nc6 8. Bb5 Bd7 9. Bxc6 Bxc6 10. Nxd4 Rc8 11.
Nc3 Be7 12. Nxc6 Rxc6 13. Qxd8+ Bxd8 14. Rfd1 Ba5 15. Rac1 Bxc3 16. Rxc3 Rxc3 17. bxc3 h6 18. Be3 Nxe4 19. Bxa7 Nxc3 20. Rd3 Nd5 21. Rb3 b6 22. Bxb6 Nxb6 23. Rxb6 Ke7 24. Rb7+ Kf6 25. Ra7 Rc8 26. g3 Rc2 27. a4 Ra2 28. a5 g5 29. a6 g4 30. Ra8 h5 31. a7 Kf5 32. Rh8 Rxa7 33. Rxh5+ Kg6 34. Rh4 f5 35. h3 gxh3 36.
Rxh3 e5 37. Rh4 Rb7 38. Kg2 1/2-1/2

[Event "GrandPrix_29.05"]
[Site "Chess.com"]
[Date "2020.05.29"]
[Round "1"]
[White "VolodymyrMolyboha"]
[Black "ValeriyGrinev"]
[Result "0-1"]
[WhiteElo "2276"]
[BlackElo "2052"]
[TimeControl "600+2"]
[EndTime "9:22:33 PDT"]
[Termination "ValeriyGrinev won by resignation"]

1. e4 c5 2. Nf3 e6 3. c3 Nf6 4. d3 d5 5. Nbd2 Nc6 6. g3 Be7 7. Bg2 O-O 8. O-O b5 9. Re1 Bb7 10. Qe2 Qc7 11. e5 Nd7 12. Nf1 Rfc8 13. Bf4 a5 14. h4 b4 15. h5 h6 16. N1h2 bxc3 17. bxc3 Qd8 18. Ng4 Bf8 19. Qd2 Rab8 20. Rab1 Ba6 21.
Bf1 Ne7 22. Nh4 Rxb1 23. Rxb1 Rb8 24. Rxb8 Nxb8 25. Be2 Nd7 26. Kh2 a4 27. Bd1 Qa5 28. Bc2 a3 29. Bb1 d4 30. c4 Qb6 31. Qc2 Nf5 32. Bc1 Nxh4 33. gxh4 Qc6 34. Qd1 Bb7 35. Qg1 Kh8 36. Bc2 Qf3 37. Bxa3 Nxe5 38. Bd1 Nxg4+ 39. Qxg4 Bd6+ 0-1

[Event "GrandPrix_29.05"]
[Site "Chess.com"]
[Date "2020.05.29"]
[Round "1"]
[White "Nikithebest"]
[Black "Igrok3069"]
[Result "1/2-1/2"]
[WhiteElo "2208"]
[BlackElo "2424"]
[TimeControl "600+2"]
[EndTime "9:22:35 PDT"]
[Termination "Game drawn by agreement"]

1. e4 c6 2. d4 d5 3. f3 e6 4. Nc3 Bb4 5. Qd3 Ne7 6. Bd2 b6 7.
Nge2 Ba6 8. Qe3 Nd7 9. O-O-O O-O 10. g4 c5 11. exd5 exd5 12. a3 Ba5 13. h4 Re8 14. Qf2 Rc8 15. h5 Qc7 16. Kb1 Bc4 17. Nc1 cxd4 18. Qxd4 Nc6 19. Qf4 Qxf4 20. Bxf4 Bxc3 21. Bxc4 dxc4 22. Rxd7 Be5 23. Bxe5 Nxe5 24. Rxa7 Nxf3 25. Rb7 Rc6 26. Na2 h6 27. Nc3 Rd6 28. Rd1 Rxd1+ 29. Nxd1 Re6 30. Nc3 Re1+ 31. Ka2 Nd4 32.
Rxb6 Nxc2 33. b3 cxb3+ 34. Kxb3 Nxa3 35. Kxa3 Re3 36. Kb2 Rg3 37. Rb4 g6 38. hxg6 fxg6 39. Kc2 h5 40. gxh5 gxh5 41. Kd2 Kg7 42. Ne2 Rg4 43.
Rb6 Rg6 44. Rb7+ Kh6 45. Ke3 Ra6 46. Rb5 h4 47. Nf4 h3 48. Rh5+ Kg7 49. Nxh3 Rh6 50. Rg5+ Rg6 51. Re5 Rg3+ 52. Kf4 1/2-1/2

[Event "GrandPrix_29.05"]
[Site "Chess.com"]
[Date "2020.05.29"]
[Round "1"]
[White "chessdjw"]
[Black "Volodar_Murzin"]
[Result "0-1"]
[WhiteElo "1763"]
[BlackElo "2332"]
[TimeControl "600+2"]
[EndTime "9:22:35 PDT"]
[Termination "Volodar_Murzin won on time"]

1. e4 c6 2. Nf3 d5 3. Nc3 Bg4 4. h3 Bxf3 5. Qxf3 Nf6 6. Be2 e6 7. O-O Nbd7 8. d4 dxe4 9. Nxe4 Nxe4 10. Qxe4 Nf6 11. Qd3 Bd6 12. a4 Qc7 13. a5 O-O 14.
Bf3 Rad8 15. Qc4 Nd5 16. g3 c5 17. dxc5 Bxc5 18. Kg2 Qc8 19. c3 Rd7 20. Rd1 a6 21. Bd2 h6 22. Rac1 Rc7 23. Bxd5 Ba7 24. Qb3 exd5 25. Qxd5 Rc5 26. Qa2 Qc6+ 27. f3 Rf5 28.
Rf1 Rd8 29. b4 Qe6 30. Qc2 Qe2+ 31. Kh1 Rxd2 0-1

[Event "GrandPrix_29.05"]
[Site "Chess.com"]
[Date "2020.05.29"]
[Round "1"]
[White "madamDD"]
[Black "kostasam18"]
[Result "1-0"]
[WhiteElo "2510"]
[BlackElo "2052"]
[TimeControl "600+2"]
[EndTime "9:22:36 PDT"]
[Termination "madamDD won by resignation"]

1. e4 e5 2. Nf3 Nc6 3. Bb5 a6 4. Ba4 Nf6 5. O-O Be7 6. d3 b5 7. Bb3 d6 8. a3 O-O 9. Nc3 Bg4 10.
Be3 Nd4 11. Bxd4 exd4 12. Nd5 Nxd5 13. Bxd5 Rc8 14. h3 Bd7 15. Nd2 c6 16. Bb3 c5 17. f4 Kh8 18. Qh5 g6 19. Qe2 Be6 20. Bxe6 fxe6 21. Qg4 e5 22. fxe5 dxe5 23. Rxf8+ Bxf8 24. Qe6 Bd6 25. Nf3 Qc7 26. Ng5 Rf8 27. Rf1 Rxf1+ 28. Kxf1 Kg7 29. Qe8 Qe7 30. Qxe7+ Bxe7 31. Ne6+ Kf6 32. Nc7 Bd8 33. Nxa6 Bb6 34. b4 cxb4 35.
Nxb4 Ke6 36. Ke2 Bd8 37. Nd5 Kd6 38. Kf3 Bg5 39. a4 bxa4 40. Nb6 Kc5 41. Nxa4+ Kb4 42. Nb6 Kc3 43. Nd7 Kxc2 44. Nxe5 Bf6 45. Nd7 Be7 46. Ke2 Kc3 47. Nb6 Bd6 48. Nd5+ Kb3 49. Nf6 h5 50. Nd7 Kb4 51. e5 Be7 52. Kf3 Kb5 53. Ke4 Kc6 54. Nf6 Kc5 55. Ng8 Bd8 56. e6 Kd6 57. e7 Bxe7 58. Nxe7 Kxe7 59. Kxd4 Kd6 60. h4 1-0

[Event "GrandPrix_29.05"]
[Site "Chess.com"]
[Date "2020.05.29"]
[Round "1"]
[White "Arseniy_Nesterov"]
[Black "ehrenfeld"]
[Result "1-0"]
[WhiteElo "2323"]
[BlackElo "1763"]
[TimeControl "600+2"]
[EndTime "9:22:39 PDT"]
[Termination "Arseniy_Nesterov won on time"]

1. d4 f5 2. Nf3 Nf6 3. c4 g6 4. e3 Bg7 5. b4 O-O 6. Be2 d6 7. Bb2 a5 8. b5 Qe8 9. Qc2 Nbd7 10.
O-O h6 11. Nbd2 e5 12. dxe5 dxe5 13. c5 e4 14. Nd4 Ne5 15. Nc4 Nxc4 16. Bxc4+ Kh8 17.
c6 b6 18. Ba3 Rf7 19. Bxf7 Qxf7 20. Qb3 Qe8 21. Rad1 g5 22. Rd2 f4 23. exf4 gxf4 24. Re1 a4 25. Qc4 Qg6 26. Ne2 Bh3 27. Nxf4 Qg5 28. Bc1 Bf5 29. Rdd1 Rg8 30. g3 Ng4 31. Rxe4 Bxe4 32. Qxe4 Nf6 33. Qc2 Bf8 34. Nd5 Qxd5 35. Rxd5 Nxd5 36. Bb2+ Bg7 37. Qg6 1-0

[Event "GrandPrix_29.05"]
[Site "Chess.com"]
[Date "2020.05.29"]
[Round "1"]
[White "mishanick"]
[Black "RussianChessFighter"]
[Result "1-0"]
[WhiteElo "2378"]
[BlackElo "1761"]
[TimeControl "600+2"]
[EndTime "9:22:43 PDT"]
[Termination "mishanick won by resignation"]

1. d4 f5 2. c4 Nf6 3. Nf3 g6 4. g3 Bg7 5. Bg2 O-O 6. O-O d6 7. Nc3 c6 8. d5 e5 9. dxe6 Bxe6 10.
b3 Qe7 11. Ba3 Rd8 12. Qc2 Na6 13. Rad1 Nc5 14. Rd2 Nfe4 15. Nxe4 Nxe4 16. Rd3 Qf6 17. e3 d5 18. Nd4 dxc4 19. bxc4 Bf7 20. Rfd1 c5 21.
Nb5 b6 22. Nd6 Rxd6 23. Rxd6 Nxd6 24. Bxa8 Nxc4 25. Bc1 h5 26. e4 h4 27. exf5 gxf5 28. Bg2 Ne5 29. Bf4 c4 30. Bd5 Bxd5 31. Rxd5 Qe6 32.
Rd8+ Kf7 33. Qe2 h3 34. Bxe5 Qxe5 35. Qh5+ Kf6 36. Qh4+ Kg6 37. Qxc4 Qe1+ 38. Qf1 Qe7 39.
Rd1 1-0

[Event "GrandPrix_29.05"]
[Site "Chess.com"]
[Date "2020.05.29"]
[Round "1"]
[White "vladislavkovalev"]
[Black "GMStefanova"]
[Result "0-1"]
[WhiteElo "2678"]
[BlackElo "2717"]
[TimeControl "600+2"]
[EndTime "9:22:44 PDT"]
[Termination "GMStefanova won by resignation"]

1. e4 c6 2. Nf3 d5 3. Nc3 Bg4 4. h3 Bxf3 5. Qxf3 e6 6. Be2 Bc5 7. O-O Ne7 8. Rd1 d4 9. Nb1 O-O 10. d3 f5 11. Nd2 Ng6 12. Nb3 Bb6 13. exf5 Rxf5 14. Qe4 Re5 15. Qg4 Nd7 16. Bf1 Nf6 17.
Qf3 Qd6 18. Nd2 Rf5 19. Nc4 Qe7 20. Qe2 Bc7 21. a4 Re8 22. g3 h5 23. Bg2 Bb8 24. b4 Qc7 25. Be4 b5 26. axb5 cxb5 27. Na5 Nxe4 28.
dxe4 Rf7 29. Qxh5 Qxc2 30. Rd2 Qxe4 31. Re2 Qd3 32. Rd2 Qc3 33. Qxg6 Qxa1 34. Nb3 Qc3 35.
Qc2 Rc8 36. Nxd4 Qxc2 37. Nxc2 Rfc7 38. Nd4 Rxc1+ 39. Kg2 Rd8 0-1

[Event "GrandPrix_29.05"]
[Site "Chess.com"]
[Date "2020.05.29"]
[Round "1"]
[White "ZEN-22"]
[Black "DanielDardha2005"]
[Result "1-0"]
[WhiteElo "2307"]
[BlackElo "2093"]
[TimeControl "600+2"]
[EndTime "9:22:47 PDT"]
[Termination "ZEN-22 won by resignation"]

1. e4 c5 2. b4 cxb4 3. a3 e5 4. axb4 Bxb4 5. c3 Be7 6. d4 d6 7. Nf3 Nc6 8. Bb5 Bd7 9. d5 Nb8 10. Bd3 Nf6 11. h3 O-O 12. Be3 Bc8 13. Nbd2 Nbd7 14.
O-O Qc7 15. c4 b6 16. Re1 Bb7 17. Nb3 Rfc8 18. Nfd2 g6 19. g3 a5 20. Ra4 Nh5 21.
Kg2 Qd8 22. Nf3 Ng7 23. Qd2 f5 24. Rb1 Rab8 25. Bg5 Bxg5 26. Nxg5 Qe7 27. Ra2 Rf8 28. Rab2 f4 29. Nf3 Rf7 30. g4 Rff8 31. Nxa5 bxa5 32. Rxb7 Rxb7 33. Rxb7 Qd8 34. Ra7 Nc5 35. Bc2 a4 36. Bxa4 Nxe4 37. Qa5 Qb8 38. Qc7 Qxc7 39. Rxc7 Ra8 40.
Bc2 Nc5 41. Nxe5 Na6 42. Re7 dxe5 43. Ba4 Nc5 44. Bc6 Rd8 45. Rxe5 Kf7 46. Kf3 Nd3 47. Re2 Kf6 48. Ke4 Ne5 49. Bb5 Ne8 50. Kxf4 g5+ 51. Ke4 Nd6+ 52. Kd4 Nf3+ 53. Kc5 Nxb5 54. cxb5 Rc8+ 55.
Kb4 Ne5 56. b6 Rc1 57. Kb5 Rb1+ 58. Ka6 Nd7 59. Re6+ Kf7 60. Rc6 Ke7 61. Rh6 Nc5+ 62. Ka7 Ra1+ 63. Kb8 Rb1 64. Kc8 Rb2 65. d6+ Ke8 66.
d7+ Nxd7 67. Re6+ Kf7 68. Kxd7 Rd2+ 69. Rd6 Rxf2 70. b7 Rb2 71. Kc7 Rc2+ 72. Rc6 1-0

[Event "GrandPrix_29.05"]
[Site "Chess.com"]
[Date "2020.05.29"]
[Round "1"]
[White "Chepaschess"]
[Black "KuzubovYuriy"]
[Result "1/2-1/2"]
[WhiteElo "2554"]
[BlackElo "2346"]
[TimeControl "600+2"]
[EndTime "9:22:51 PDT"]
[Termination "Game drawn by repetition"]

1. Nf3 c5 2. c4 Nc6 3. Nc3 Nf6 4. g3 g6 5. Bg2 d6 6. d4 cxd4 7. Nxd4 Bd7 8. Nc2 Bg7 9. b3 O-O 10. O-O Qa5 11. Bd2 Qh5 12. e4 Qxd1 13. Raxd1 Rfc8 14. h3 Be8 15. Rfe1 Nd7 16. Nd5 Kf8 17. Be3 e6 18. Nf4 Ke7 19. Nd3 b6 20. Bg5+ Bf6 21. h4 Rab8 22. Ne3 Bxg5 23. hxg5 a5 24. Nd5+ Kf8 25.
Nf6 h5 26. Nxd7+ Bxd7 27. e5 dxe5 28. Nxe5 Nxe5 29. Rxe5 Ke7 30. a4 Rc5 31. f4 Rd8 32.
Kf2 Rcc8 33. Re3 Bc6 34. Rxd8 Kxd8 35. Rd3+ Ke7 36. Bxc6 Rxc6 37. Ke3 Rc5 38. Ke4 Rf5 39.
Rd2 Rc5 40. Rd3 Rf5 41. Rd2 Rc5 42. Rd3 1/2-1/2

[Event "GrandPrix_29.05"]
[Site "Chess.com"]
[Date "2020.05.29"]
[Round "1"]
[White "Vnebo"]
[Black "pheonixking2000"]
[Result "0-1"]
[WhiteElo "2099"]
[BlackElo "1960"]
[TimeControl "600+2"]
[EndTime "9:22:53 PDT"]
[Termination "pheonixking2000 won by resignation"]

1. e4 c6 2. d4 d5 3. Nc3 dxe4 4. Nxe4 Bf5 5. Ng3 Bg6 6. Nf3 Nd7 7. Bd3 Ngf6 8. O-O e6 9. b3 Be7 10. Bb2 O-O 11. Bxg6 hxg6 12. c4 Qc7 13. Qe2 Rad8 14.
Rad1 Rfe8 15. Ne4 Qa5 16. Bc3 Qa3 17. Neg5 b5 18. Nxf7 Kxf7 19. Ng5+ Kg8 20. Qxe6+ Kh8 21. Nf7+ Kh7 22. Ng5+ Kh8 23. Nf7+ Kh7 24. Nxd8 Bxd8 25. Qxc6 bxc4 26. Qxc4 Nb6 27. Qd3 Qxa2 28. Bd2 Qa3 29.
Ra1 Qe7 30. Rfe1 Qf7 31. Rxe8 Nxe8 32. Ba5 Nf6 33. Re1 Qd5 34. Qh3+ Kg8 35. Qe6+ Qxe6 36. Rxe6 Kf7 37. Re1 Nfd5 38. Kf1 Bf6 39. Bxb6 axb6 40. Rc1 Ke6 41. Rc4 Kd6 42. Ke2 b5 43. Rc8 Bxd4 44.
Kd3 Bxf2 45. Rg8 Nf4+ 46. Ke4 Ne6 47. Rb8 Kc6 48. Re8 Nc5+ 49. Kf3 Bd4 50. b4 Nd7 51. Re6+ Kd5 52. Ra6 Bf6 53. Ra7 Ne5+ 54. Ke3 Kc4 55. Ke4 Kxb4 56. Ra1 Nc4 57. Rb1+ Kc5 58. g3 Nd2+ 0-1

[Event "GrandPrix_29.05"]
[Site "Chess.com"]
[Date "2020.05.29"]
[Round "1"]
[White "BakuTurk"]
[Black "PaulfromSPb"]
[Result "1/2-1/2"]
[WhiteElo "1699"]
[BlackElo "2218"]
[TimeControl "600+2"]
[EndTime "9:22:57 PDT"]
[Termination "Game drawn by repetition"]

1. d4 Nf6 2. Nf3 e6 3. Bg5 c5 4. e3 b6 5. d5 exd5 6. Nc3 Bb7 7. Nxd5 Bxd5 8. Bxf6 Qxf6 9. Qxd5 Nc6 10. c3 Be7 11. Bc4 Rd8 12. O-O O-O 13. Rad1 Rfe8 14. a3 Bf8 15.
Rd2 h6 16. Rfd1 g6 17. Bb5 Re6 18. Bxc6 Rxc6 19. Qe5 Qxe5 20. Nxe5 Re6 21. Nxd7 Be7 22. Nf6+ Bxf6 23. Rxd8+ Bxd8 24. Rxd8+ Kg7 25. Rd7 Kf6 26.
Kf1 a6 27. a4 c4 28. Ke2 b5 29. axb5 axb5 30. Rb7 Re5 31. f4 Rc5 32. e4 g5 33.
Rb6+ Kg7 34. f5 f6 35. Ke3 Kf7 36. Rb7+ Ke8 37. Kd4 Re5 38. g4 Kf8 39. h3 Kg8 40. Rb6 Kf7 41. Rb8 Kg7 42. Rb7+ Kg8 43. Rd7 Re8 44.
Rd5 Rb8 45. Kc5 Re8 46. Kd4 Rb8 47. Rd7 Re8 48. Rd5 1/2-1/2